 Dungeon Crawl Stone Soup version 0.31-a0-187-gba352fbbf7 (webtiles) character file.

Game seed: 603296141803539435

23 Gorgondantess the Cudgeller (level 2, -14/29 HPs)
             Began as a Troll Monk on June 23, 2023.
             Engulfed by a cloud of flame (27 damage)
             ... on level 1 of the Dungeon.
             The game lasted 00:01:07 (378 turns).

Gorgondantess the Cudgeller (Troll Monk)             Turns: 378, Time: 00:01:08

Health: -14/29     AC:  4    Str: 18    XL:     2   Next: 72%
Magic:  1/1        EV: 10    Int:  6    God:
Gold:   25         SH:  0    Dex: 12    Spells: 1/1 levels left

rFire   . . .        a - +0 mace
rCold   . . .        d - orb {light}
rNeg    . . .        b - +0 robe
rPois   .            (helmet restricted)
rElec   .            (no cloak)
rCorr   .            (gloves unavailable)
SInv    .            (boots unavailable)
Will    .....        (no amulet)
Stlth   +            (no ring)
HPRegen 1.04/turn    (no ring)
MPRegen 0.07/turn

%: no passive effects
@: glowing
A: large, unfitting armour, claws 3, regeneration 1, shaggy fur 1, tough skin 1
a: no special abilities


You were on level 1 of the Dungeon.
You visited 1 branch of the dungeon, and saw 1 of its levels.

You collected 25 gold pieces.

Inventory:

Hand Weapons
 a - a +0 mace (weapon)
Armour
 b - a +0 robe (worn)
 d - an orb of light (worn)
Scrolls
 e - a scroll of summoning {unknown}
 g - a scroll of poison {unknown}
 h - a scroll of blinking {unknown}
Potions
 c - a potion of ambrosia
 f - 2 potions of brilliance {unknown}
 i - 2 potions of enlightenment {unknown}
 j - 2 potions of lignification {unknown}


   Skills:
 + Level 2.7 Fighting
 * Level 3.2 Maces & Flails
 + Level 2.6 Dodging


You had one spell level left.
You didn't know any spells.
Your spell library contained the following spells:

 Spells                   Type           Power      Damage    Failure   Level
 Slow                     Hex            0%         N/A       45%         1
 Confusing Touch          Hex            0%         N/A       83%         3
 Vampiric Draining        Necr           0%         2d6       83%         3


Dungeon Overview and Level Annotations

Branches:
Dungeon (1/15)

Altars:


Innate Abilities, Weirdness & Mutations

You are too large for most types of armour.
You have claws for hands.
Your natural rate of healing is unusually fast.
You are covered in fur. (AC +1)
You have tough skin. (AC +1)


Message History

A quokka comes into view.
A goblin comes into view. It is wielding a +0 dagger.
The goblin shouts!
The quokka barely misses you.
Found a scroll labelled ETZOGH ZOGUZA.
The quokka bites you but does no damage.
The quokka bites you.
Found 10 gold pieces.
The quokka bites you but does no damage.
You closely miss the quokka. The quokka bites you.
You hit the quokka.
The quokka is moderately wounded.
The quokka closely misses you. The quokka misses you.
You hit the quokka.
The quokka is heavily wounded.
The quokka closely misses you.
You barely miss the quokka.
The quokka is heavily wounded.
The quokka bites you but does no damage.
The goblin closely misses you.
The quokka bites you but does no damage.
You hit the quokka.
You kill the quokka!
The goblin hits you with a +0 dagger. The goblin closely misses you.
You see here a quokka corpse.
The goblin hits you with a +0 dagger.
You hit the goblin.
You kill the goblin!
You see here a +0 dagger.
Really walk into a travel-excluded area? [Y]es or [N]o only, please.
Really walk into a travel-excluded area? [Y]es or [N]o only, please.
Really walk into a travel-excluded area?
You are engulfed in blazing flames.
Ouch! That really hurt!
You are engulfed in blazing flames.
Ouch! That really hurt!
You die...

#.# .####.......# #.#
............# #.#
.####.#.###.# #.#### #...#
.. #....# #..## ## ####.##
####..# #†.# #§
#.†...####.
#.######...#####..).......
#.#.§...$...☼@§.....>.....
#...§§...$$.°§§..#######.#
###.☼☼§..$..°§§..# ..
#####...#####.# # #§§. #.#
#§§ #.# #§ #.# #. #.#


There were no monsters in sight!

Vanquished Creatures
  2 dart slugs (D:1)
  An endoplasm (D:1)
  A giant cockroach (D:1)
  4 goblins (D:1)
  A hobgoblin (D:1)
  3 jackals (D:1)
  A quokka (D:1)
  A bat (D:1)
  A frilled lizard (D:1)
  A rat (D:1)
16 creatures vanquished.

Vanquished Creatures (others)
  A kobold (D:1)
1 creature vanquished.

Grand Total: 17 creatures vanquished

Notes
Turn   | Place    | Note
-------+----------+-------------------------------------------
     0 | D:1      | Gorgondantess the Troll Monk began the quest for the Orb.
     0 | D:1      | Reached XP level 1. HP: 22/22 MP: 0/0
   289 | D:1      | Reached XP level 2. HP: 29/29 MP: 1/1
   290 | D:1      | Reached skill level 3 in Maces & Flails
   378 | D:1      | Engulfed by a cloud of flame

Illustrated notes

Levels and vault maps discovered:
D:1:      minmay_arrival_pointy, layout_loops_ring, lemuel_flame_loot_1

Skill      XL: |  1  2 |
---------------+-------+-----
Maces & Flails | 3 |  3.2
Fighting       | |  2.7
Dodging        | |  2.6

Action                     || total
---------------------------++-------
  Melee: Mace              ||    47
 Armour: Robe              ||    25
  Dodge: Dodged            ||    36

Table legend: (Time is in decaauts)
 A = Elapsed time spent in this place.
 B = Non-inter-level travel time spent in this place.
 C = Inter-level travel time spent in this place.
 D = Time resting spent in this place.
 E = Time spent auto-exploring this place.
 F = Levels seen in this place.
 G = Mean time per level.
                   A        B        C        D        E       F      G
               +--------+--------+--------+--------+--------+-----+--------+
         Total |    390 |    390 |      0 |      0 |    266 |   1 |  390.0 |
       Dungeon |    390 |    390 |      0 |      0 |    266 |   1 |  390.0 |
               +--------+--------+--------+--------+--------+-----+--------+

Top non-repeatable levels by time:
     D:1: 390 daAuts
